AoeStats
← zlt1900

Arabia

509606485Analyzed
1v1 RM · 4d ago on Sep 27, 2026· 25m 28s· 2 players
Game mode
Random Map
Map size
Tiny (2 player)
Population
200
Speed
Normal
Resources
Standard
Victory
Conquest
Starting age
Dark Age
Ending age
Imperial Age
RankedLock teamsTeams togetherTeam positionsShared explorationLock speedFull tech treeHidden civsTurbo modeCheats
Victory
Defeat
🇹🇷 Mongols · Türkiye
396
+19
🇨🇳 Tatars · China
462
-19
pisken
10:11 Feudal Age
10:52 Horse Collar
12:50 Double-Bit Axe
19:14 Castle Age
18:31 Fletching
20:03 Bloodlines
19:17 Elite Skirmisher
20:41 Heavy Plow
21:27 Padded Archer Armor
23:26 Wheelbarrow
24:13 Scale Barding Armor
23:41 Light Cavalry
zlt1900
12:25 Feudal Age
12:57 Horse Collar
17:45 Loom
22:57 Castle Age
Connection lost

Rejoining the realm…

Still unreachable

The connection could not be restored.

Session expired

The server has moved on; the page needs a fresh start.